 Dungeon Crawl Stone Soup version 0.31.0-12-g77e489cdc1 (webtiles) character file.

Game seed: 17509238982151437843

221 Doomgape the Trooper (level 5, -7/34 HPs)
             Began as a Gargoyle Fighter on Mar 1, 2024.
             Blown up by Ijyb (16 damage)
             ... with a mindburst bolt
             ... on level 3 of the Dungeon.
             The game lasted 00:03:14 (1541 turns).

Doomgape the Trooper (Gargoyle Fighter)             Turns: 1541, Time: 00:03:14

Health: -7/34      AC: 16    Str: 22    XL:     5   Next: 98%
Magic:  5/5        EV:  6    Int:  8    God:
Gold:   108        SH:  4    Dex:  9    Spells: 4/4 levels left

rFire   . . .        a - +1 flail
rCold   . . .        c - +0 buckler
rNeg    + . .        h - +0 plate armour
rPois   ∞            (no helmet)
rElec   +            (no cloak)
rCorr   .            (no gloves)
SInv    .            (no boots)
Will    .....        g - amulet of regeneration Stlth
                     (no ring)
HPRegen 1.05/turn    (no ring)
MPRegen 0.09/turn

%: no passive effects
@: studying Summonings
A: sickness immunity, AC +4, negative energy resistance 1, electricity
resistance, torment resistance 1, petrification resistance
a: no special abilities


You were on level 3 of the Dungeon.
You visited 1 branch of the dungeon, and saw 3 of its levels.

You collected 108 gold pieces.

Inventory:

Hand Weapons
 a - a +1 flail (weapon)
Armour
 c - a +0 buckler (worn)
 h - a +0 plate armour (worn)
Jewellery
 g - an amulet of regeneration (around neck)
Scrolls
 e - 3 scrolls of revelation
 f - 2 scrolls of poison {unknown}
 i - a scroll of identify {unknown}
Potions
 b - a potion of curing {unknown}
 d - a potion of might
 j - a potion of heal wounds {unknown}


   Skills:
 + Level 4.9 Fighting
 + Level 3.7 Maces & Flails
 + Level 4.8 Armour
 - Level 3.2 Shields


You had 4 spell levels left.
You didn't know any spells.
Your spell library contained the following spells:

 Spells                   Type           Power      Damage    Failure   Level
 Scorch                   Fire           0%         2d5       100%        2
 Flame Wave               Conj/Fire      0%         2d4       100%        4
 Sculpt Simulacrum        Ice/Alch       0%         N/A       100%        6
 Summon Cactus Giant      Summ           0%         N/A       100%        6
 Ozocubu's Refrigeration  Ice            0%         4d7       100%        7
 Polar Vortex             Ice            0%         N/A       100%        9


Dungeon Overview and Level Annotations

Branches:
Dungeon (3/15)

Altars:

Shops:
D:1 ?

Annotations:
D:3 Ijyb


Innate Abilities, Weirdness & Mutations

You are immune to sickness and miasma.
Your stone body is resilient. (AC +4)
You are immune to poison.
You resist negative energy. (rN+)
You are resistant to electric shocks. (rElec)
You are resistant to unholy torment.
You are immune to petrification.


Message History

Ijyb zaps a wand.
Your mind is blasted!
Ijyb hits you with a +0 dagger.
You hit Ijyb.
Ijyb is lightly wounded.
Ijyb hits you with a +0 dagger.
You barely miss Ijyb.
Ijyb is lightly wounded.
Ijyb hits you but does no damage.
You barely miss Ijyb.
Ijyb is lightly wounded.
Ijyb hits you with a +0 dagger. x2
You completely miss Ijyb.
Ijyb is lightly wounded.
Ijyb zaps a wand.
Your mind is blasted!
Ouch! That really hurt!
* * * LOW HITPOINT WARNING * * *
You barely miss Ijyb.
Ijyb is lightly wounded.
Ijyb hits you but does no damage.
You closely miss Ijyb.
Ijyb is lightly wounded.
Ijyb hits you but does no damage.
You sock Ijyb!
Ijyb is moderately wounded.
Ijyb closely misses you.
You hit Ijyb.
Ijyb is heavily wounded.
Ijyb hits you with a +0 dagger.
Ijyb zaps a wand.
Your mind is blasted!
* * * LOW HITPOINT WARNING * * *
You hit Ijyb but do no damage.
Ijyb is heavily wounded.
Ijyb completely misses you.
You closely miss Ijyb.
Ijyb is heavily wounded.
Ijyb zaps a wand.
Your mind is blasted!
* * * LOW HITPOINT WARNING * * *
You hit Ijyb but do no damage.
Ijyb is heavily wounded.
Ijyb zaps a wand.
Your mind is blasted!
You die...

#.........##........
####.........##........
...).........##........
............#.........
#..........#.##......
#..........#.##.....#
#....................
..##.................#..
......g@...............#
.###...)......#.##...#.#
.........##.###.##.....#
###.###..##)........)...
# #..#######........
##.. ............ #.#
####.#.#.##. ..#
#...#.##. ###.#.###


You could see Ijyb.

Vanquished Creatures
  Sigmund (D:2)
  Natasha (D:3)
  A dart slug (D:2)
  A ribbon worm (D:2)
  3 bats
  7 endoplasms
  A giant cockroach (D:1)
  2 goblins (D:3)
  A hobgoblin (D:1)
  6 jackals
  A quokka (D:2)
  2 ball pythons
  4 kobolds
  3 rats (D:1)
34 creatures vanquished.

Notes
Turn   | Place    | Note
-------+----------+-------------------------------------------
     0 | D:1      | Doomgape the Gargoyle Fighter began the quest for the Orb.
     0 | D:1      | Reached XP level 1. HP: 14/14 MP: 1/1
     8 | D:1      | Found a faded altar of an unknown god.
    20 | D:1      | Found Laneteeff's Magic Scroll Shoppe.
   136 | D:1      | Reached XP level 2. HP: 19/19 MP: 2/2
   496 | D:1      | You fall into a shaft and drop 1 floor!
   710 | D:2      | Reached XP level 3. HP: 24/24 MP: 3/3
  1387 | D:3      | Noticed Sigmund
  1388 | D:3      | Noticed Natasha
  1427 | D:2      | Killed Sigmund
  1428 | D:2      | Reached XP level 4. HP: 21/30 MP: 4/4
  1428 | D:2      | Reached XP level 5. HP: 24/34 MP: 5/5
  1459 | D:3      | Killed Natasha
  1525 | D:3      | Noticed Ijyb
  1541 | D:3      | Blown up by Ijyb

Illustrated notes

Levels and vault maps discovered:
D:1:      dpeg_arrival_simpleton_b, layout_loops_corners, serial_shops,
          nicolae_square_shop, basic_ecumenical_altar, skrybe_limestone_x
D:2:      layout_basic, kennysheep_generic_room_11
D:3:      layout_basic, zin_statuary, uniq_ijyb, uniq_sigmund, uniq_natasha

Skill      XL: |  1  2  3 |
---------------+----------+-----
Fighting       | 4 |  4.9
Maces & Flails | 3 |  3.7
Armour         | 4 |  4.8
Shields        | |  3.2

Action                     |  1- 3 |  4- 6 || total
---------------------------+-------+-------++-------
  Melee: Flail             |   104 |    26 ||   130
    Use: Scroll            |     4 |       ||     4
 Armour: Scale mail        |    45 |       ||    45
         Plate armour      |    42 |    21 ||    63
  Dodge: Dodged            |    24 |     6 ||    30
  Block: Buckler           |    13 |     1 ||    14
